 Dungeon Crawl Stone Soup version 0.31-a0-1165-g196b491 (webtiles) character file.

Game seed: 2928058333582292176

1475138 EngineV8 the Slayer (level 27, 370/370 HPs)
             Began as a Human Shapeshifter on Dec 8, 2023.
             Was the Champion of Cheibriados.
             Escaped with the Orb
             ... and 3 runes on Dec 9, 2023!
             The game lasted 05:06:22 (90227 turns).

EngineV8 the Slayer (Human Shapeshifter)           Turns: 90227, Time: 05:06:22

Health: 370/370    AC: 20    Str: 40    XL:     27
Magic:  32/32      EV: 31    Int: 31    God:    Cheibriados [******]
Gold:   7601       SH:  0    Dex: 36    Spells: 6/26 levels left

rFire   + .          .
                       - Unarmed
rCold   . . .        A - melded +2 buckler
rNeg    . . .        Q - melded +2 robe {rC+ rF+}
rPois   +            i - melded +3 hat of Pondering {ponderous, Will+ MP+10 Int+5}
rElec   +            b - melded +1 cloak of Vehumet, Charming {+Inv rC+ rN++ Dex+2}
rCorr   .            j - melded +2 pair of gloves
SInv    .            h - melded +2 pair of boots {Fly}
Will    ++...        D - amulet of the acrobat
Stlth   ++           W - ring of the Tortoise {AC+8}
HPRegen 0.81/turn    F - ring "Forget-Me-Not" {Ice Fly rElec Str-2}
MPRegen 0.23/turn

%: acrobat
@: dragon-form, flying, studying Translocations, very slow
A: dragon claw, dragon scales, breathe fire, flying, boosted hp, giant, clever
1, no potion heal 2
0: Orb of Zot
}: 3/15 runes: decaying, serpentine, silver
a: Breathe Fire, Begin Untransformation, Renounce Religion, Bend Time, Temporal
Distortion, Slouch, Step From Time


You escaped.
You worshipped Cheibriados.
Cheibriados was exalted by your worship.
You were a fearsome dragon!
You visited 10 branches of the dungeon, and saw 48 of its levels.
You also visited: Trove, Bailey, Gauntlet, Ice Cave and Wizlab.

You collected 10643 gold pieces.
You spent 3042 gold pieces at shops.

Inventory:

Hand Weapons
 q - the +4 arbalest of Discomfort {antimagic, Fly Dex+2}
   (You found it in a treasure trove)

   Dex+2:     It affects your dexterity (+2).
   Fly:       It grants you flight.
Missiles
 B - 8 throwing nets {!f}
 E - 14 curare-tipped darts {!f}
Armour
 b - the +1 cloak of Vehumet, Charming (melded) {+Inv rC+ rN++ Dex+2}
   (You found it in a wizard's laboratory)

   Dex+2:     It affects your dexterity (+2).
   rC+:       It protects you from cold.
   rN++:      It greatly protects you from negative energy.
   +Inv:      It lets you turn invisible.
 h - a +2 pair of boots of flying (melded)
 i - the +3 hat of Pondering (melded) {ponderous, Will+ MP+10 Int+5}
   (You took it off Gastronok on level 10 of the Dungeon)

   Int+5:     It affects your intelligence (+5).
   Will+:     It increases your willpower.
   MP+10:     It affects your magic capacity (+10).
 j - a +2 pair of gloves (melded)
 A - a +2 buckler (melded)
 Q - a +2 robe of resistance (melded)
Jewellery
 a - the ring "Osoxtan" {rPois rC+ Int-5 Dex+6}
   (You found it on level 5 of the Lair of Beasts)

   [ring of dexterity]

   Int-5:     It affects your intelligence (-5).
   Dex+6:     It affects your dexterity (+6).
   rC+:       It protects you from cold.
   rPois:     It protects you from poison
 c - a ring of see invisible
 r - the ring "Pyegryot" {rPois rN+ Str+2 Int+3 Dex+6}
   (You bought it in a shop on level 1 of the Snake Pit)

   [ring of dexterity]

   Str+2:     It affects your strength (+2).
   Int+3:     It affects your intelligence (+3).
   Dex+6:     It affects your dexterity (+6).
   rPois:     It protects you from poison rN+: It protects you from negative
   energy.
 D - an amulet of the acrobat (around neck)
 F - the ring "Forget-Me-Not" (right foreclaw) {Ice Fly rElec Str-2}
   (You took it off Josephina on level 2 of the Depths)

   [ring of ice]

   Ice:       It enhances your ice magic.
   Str-2:     It affects your strength (-2).
   rF-:       It makes you vulnerable to fire.
   rC+:       It protects you from cold.
   rElec:     It insulates you from electricity.
   Fly:       It grants you flight.
 P - the ring of the Burning Priest {Will+++ rCorr Str+3 Int-2 Stlth+}
   (You took it off a deep elf demonologist on level 3 of the Elven Halls)

   [ring of resist corrosion]

   Str+3:     It affects your strength (+3).
   Int-2:     It affects your intelligence (-2).
   Will+++:   It greatly increases your willpower.
   rCorr:     It protects you from acid and corrosion.
   Stlth+:    It makes you more stealthy.
 S - the ring "Mezxolos" {EV+5 Str+7 Int-3 Stlth+}
   (You took it off a deep elf archer on level 2 of the Elven Halls)

   [ring of evasion]

   EV+5:      It affects your evasion (+5).
   Str+7:     It affects your strength (+7).
   Int-3:     It affects your intelligence (-3).
   Stlth+:    It makes you more stealthy.
 W - the ring of the Tortoise (left foreclaw) {AC+8}
   (You found it on level 3 of the Vaults)

   [ring of protection]

   AC+8:      It affects your AC (+8).
Talismans
 z - a dragon-blood talisman (active)
 C - a blade talisman
Wands
 k - a wand of charming (16)
 l - a wand of digging (22)
 p - a wand of flame (161)
 u - a wand of mindburst (18)
 M - a wand of iceblast (62)
 T - a wand of polymorph (15)
 Y - a wand of quicksilver (15)
Scrolls
 d - 8 scrolls of immolation
 g - 10 scrolls of fog
 y - 4 scrolls of fear
 U - 14 scrolls of teleportation
 X - 8 scrolls of blinking
 Z - 2 scrolls of vulnerability
Potions
 e - 6 potions of might
 m - 9 potions of attraction
 n - 5 potions of cancellation {!q}
 o - 4 potions of ambrosia {!q}
 t - 4 potions of enlightenment
 v - 19 potions of curing
 w - a potion of brilliance
 G - 13 potions of heal wounds
 H - 4 potions of magic
 I - 4 potions of mutation
 J - 3 potions of invisibility
 K - 10 potions of resistance
 O - 8 potions of lignification
 R - 2 potions of berserk rage {!q}
Miscellaneous
 f - a lightning rod (4/4)
 x - a phantom mirror
 L - a phial of floods (quivered)
 N - a box of beasts
 V - a tin of tremorstones (2/2)


   Skills:
 + Level 26.6 Fighting
 - Level 8.0 Throwing
 - Level 20.0 Dodging
 - Level 10.0 Stealth
 - Level 4.7 Shields
 - Level 18.0 Unarmed Combat
 - Level 10.0 Conjurations
 - Level 12.0 Translocations
 - Level 10.0 Transmutations
 - Level 5.0 Air Magic
 - Level 13.0 Invocations
 - Level 10.0 Evocations
 - Level 16.0 Shapeshifting


You had 6 spell levels left.
You knew the following spells:

 Your Spells              Type           Power      Damage    Failure   Level
a - Manifold Assault      Tloc           65%        N/A       1%          4
b - Wereblood             Tmut           58%        N/A       1%          2
c - Vhi's Electric Charg  Tloc/Air       100%       N/A       2%          4
f - Lesser Beckoning      Tloc           100%       N/A       1%          2
q - Irradiate             Conj/Tmut      29%        3d21      4%          5
A - Apportation           Tloc           100%       N/A       1%          1
X - Passwall              Tmut/Erth      25%        N/A       1%          2

Your spell library contained the following spells:

 Spells                   Type           Power      Damage    Failure   Level
 Foxfire                  Conj/Fire      100%       2x1d9     1%          1
 Magic Dart               Conj           100%       1d8       1%          1
 Sting                    Tmut/Pois      100%       1d8       1%          1
 Blink                    Tloc           100%       N/A       1%          2
 Searing Ray              Conj           100%       2d8       1%          2
 Static Discharge         Conj/Air       92%        3-7/arc   1%          2
 Gell's Gravitas          Tloc           65%        N/A       1%          3
 Teleport Other           Tloc           65%        N/A       1%          3
 Iskenderun's Mystic Bla  Conj/Tloc      62%        2d13      1%          4
 Passage of Golubria      Tloc           65%        N/A       1%          4
 Volatile Blastmotes      Fire/Tloc      74%        2d16      2%          3
 Dazzling Flash           Conj/Hex       62%        N/A       3%          3
 Hailstorm                Conj/Ice       46%        3d10      3%          3
 Mephitic Cloud           Conj/Pois/Air  31%        N/A       3%          3
 Stone Arrow              Conj/Erth      62%        3d10      3%          3
 Swiftness                Air            31%        N/A       3%          3
 Poisonous Vapours        Pois/Air       30%        N/A       4%          2
 Iskenderun's Battlesphe  Conj           58%        2d11      4%          5
 Cigotuvi's Dreadful Rot  Necr/Pois/Air  20%        N/A       7%          2
 Ignite Poison            Fire/Tmut/Pois 20%        N/A       7%          3
 Dimensional Bullseye     Hex/Tloc       18%        N/A       8%          4
 Freeze                   Ice            0%         1d3       9%          1
 Necrotise                Necr           0%         1d4       9%          1
 Sandblast                Erth           0%         2d4       9%          1
 Slow                     Hex            0%         N/A       9%          1
 Summon Small Mammal      Summ           0%         N/A       9%          1
 Dispersal                Tloc           32%        N/A       10%         6
 Airstrike                Air            15%        2d(3-19)  12%         4
 Brom's Barrelling Bould  Conj/Erth      31%        2d5       12%         4
 Flame Wave               Conj/Fire      31%        2d9       12%         4
 Fulminant Prism          Conj/Hex       15%        3d10      12%         4
 Petrify                  Tmut/Erth      31%        N/A       12%         4
 Sticky Flame             Conj/Fire      31%        2d5       12%         4
 Arcjolt                  Conj/Air       23%        1d33      12%         5
 Call Imp                 Summ           0%         N/A       14%         2
 Ensorcelled Hibernation  Hex/Ice        0%         N/A       14%         2
 Jinxbite                 Hex            0%         N/A       14%         2
 Scorch                   Fire           0%         2d5       14%         2
 Sublimation of Blood     Necr           0%         N/A       14%         2
 Summon Forest            Summ/Tloc      18%        N/A       22%         5
 Call Canine Familiar     Summ           0%         N/A       26%         3
 Confusing Touch          Hex            0%         N/A       26%         3
 Frozen Ramparts          Ice            0%         1d1       26%         3
 Inner Flame              Hex/Fire       0%         N/A       26%         3
 Sigil of Binding         Hex            0%         N/A       26%         3
 Summon Guardian Golem    Hex/Summ       0%         N/A       26%         3
 Tukima's Dance           Hex            0%         N/A       26%         3
 Vampiric Draining        Necr           0%         2d6       26%         3
 Summon Lightning Spire   Summ/Air       15%        N/A       32%         4
 Alistair's Intoxication  Tmut/Pois      20%        N/A       32%         5
 Fireball                 Conj/Fire      15%        3d8       32%         5
 Freezing Cloud           Conj/Ice/Air   23%        6-21      32%         5
 Yara's Violent Unravell  Hex/Tmut       15%        3d8       32%         5
 Conjure Ball Lightning   Conj/Air       23%        3x3d6     54%         6
 Dispel Undead            Necr           0%         3d6       65%         4
 Leda's Liquefaction      Hex/Erth       0%         N/A       65%         4
 Olgreb's Toxic Radiance  Pois           0%         N/A       65%         4
 Silence                  Hex/Air        7%         N/A       65%         5
 Bombard                  Conj/Erth      15%        9d3       87%         6
 Eringya's Noxious Bog    Tmut/Pois      15%        4d6       87%         6
 Starburst                Conj/Fire      15%        6d6       87%         6
 Agony                    Necr           0%         N/A       94%         5
 Metabolic Englaciation   Hex/Ice        0%         N/A       94%         5
 Plasma Beam              Fire/Air       7%         2x1d18    99%         6
 Death Channel            Necr           0%         N/A       100%        6
 Simulacrum               Ice/Necr       0%         N/A       100%        6
 Summon Cactus Giant      Summ           0%         N/A       100%        6
 Orb of Destruction       Conj           29%        9d9       77%         7
 Disjunction              Tloc           32%        N/A       99%         8
 Enfeeble                 Hex            0%         N/A       100%        7
 Ozocubu's Refrigeration  Ice            0%         4d7       100%        7
 Summon Hydra             Summ           0%         N/A       100%        7
 Ignition                 Fire           0%         3d3       100%        8
 Maxwell's Capacitive Co  Air            15%        ∞         100%        8
 Summon Horrible Things   Summ           0%         N/A       100%        8
 Chain Lightning          Conj/Air       23%        3d30      100%        9
 Polar Vortex             Ice            0%         N/A       100%        9


Dungeon Overview and Level Annotations

Branches:
Dungeon (15/15)            Temple (1/1) D:5            Lair (5/5) D:9
  Swamp (4/4) Lair:3        Snake (4/4) Lair:3        Slime (0/5) Lair:4
    Orc (2/2) D:10            Elf (3/3) Orc:2        Vaults (5/5) D:14
  Crypt (0/3) Vaults:2     Depths (4/4) D:15            Zot (5/5) Depths:4
 Bailey (visited)           IceCv (visited)          WizLab (visited)
Gauntlet (visited)

Altars:
Ashenzari
Cheibriados
Dithmenos
Elyvilon
Fedhas
Gozag
Hepliaklqana
Kikubaaqudgha
Makhleb
Nemelex Xobeh
Okawaru
Qazlal
Ru
Sif Muna
Trog
Uskayaw
Vehumet
Wu Jian
Xom
Yredelemnul
Zin
The Shining One

Shops:
D:3 (   D:5 (==(   D:8 *   D:12 **   Orc:2 =*[(   Elf:3 (   Snake:1 =*
Snake:2 (   Vaults:1 [   Vaults:3 [   Depths:1 *   Depths:3 (

Portals:
Hell: Depths:1 Depths:2 Depths:3 Depths:4
Abyss: Depths:3
Pandemonium: Depths:1 Depths:2
Ziggurat: Depths:3

Annotations:
D:14 4 transporters
Lair:3 2 transporters, exclusion: ice statue, Nuemoom's ghost, journeyman TrSh
Lair:4 3 runed translucent doors, Teyrex's ghost, journeyman DsMo
Elf:1 20 runed translucent doors
Elf:2 8 runed translucent doors, Atuqedy's ghost, adept DsEE; Fuoshriv's ghost, adept DjBe
Vaults:3 1 runed translucent door, sol123's ghost, veteran HOFi


Innate Abilities, Weirdness & Mutations

You are a fearsome dragon!
You have a powerful clawing attack.
Your giant scaled body is strong and resilient, but less evasive.
You can breathe fire.
You are flying.
Your maximum health is greatly increased.
Your armour is entirely melded.
You are incapable of wielding weapons or throwing items.
Your mind is acute. (Int +4, Str/Dex -1)
Potions cannot restore your health.


Message History

You maul the hell beast!!!!
You kill the hell beast!
Cheibriados thoroughly appreciates the change of pace.
You regained 2 hp, and now have 345/370 hp.
No target in view!
No target in view!
A hellwing comes into view.
You regained 16 hp, and now have 361/370 hp.
MP restored: 32 A Viereyw and a chaos spawn come into view.
You regained 2 hp, and now have 363/370 hp.
Press: ? - help, v - describe, . - travel
Here: Viereyw The floor.
Blink to where?
Press: ? - help, Dir - move target
As you read the scroll of blinking, it crumbles to dust.
You fly upwards.
There is a stone staircase leading down here.
You regained 2 hp, and now have 365/370 hp.
You regained 2 hp, and now have 367/370 hp.
You regained 2 hp, and now have 369/370 hp.
Health restored: 370
Casting: Vhi's Electric Charge (mildly dangerous; 2% risk of failure)
Confirm with . or Enter, or press ? or * to list all spells.
Aiming: Passwall (safe; 1% risk of failure)
Press: ? - help, Dir - move target A rock wall.
This square is covered in magical glow.
You begin to meditate on the wall.
You continue meditating on the rock. x3
You finish merging with the rock.
You now have 31/32 mp.
Unknown command.
MP restored: 32 A hellephant comes into view.
Unknown command.
Casting: Passwall (safe; 1% risk of failure)
Confirm with . or Enter, or press ? or * to list all spells.
Aiming: Passwall (safe; 1% risk of failure)
Press: ? - help, Dir - move target A rock wall.
This square is covered in magical glow.
The hellephant breathes flames at you. The blast of flame hits you!!!
You resist.
You begin to meditate on the wall.
You continue meditating on the rock. x2
The hellephant blinks!
You finish merging with the rock.
You take 37 damage, and have 333/370 hp.
You now have 30/32 mp.
Unknown command.
You regained 2 hp, and now have 335/370 hp.
You regained 2 hp, and now have 337/370 hp.
A cherub comes into view. It is wielding a +3 flail of flaming.
The cherub's eagle head screeches!
MP restored: 32 The cherub unwields a +3 flail of flaming.
It stops flaming.
The cherub wields a +0 sling.
The cherub shoots a sling bullet.
The sling bullet closely misses you.
An Orb Guardian comes into view.
There is an escape hatch in the ceiling here.
You regained 2 hp, and now have 340/370 hp.
The cherub shoots a sling bullet.
The sling bullet hits you. A mysterious force pulls you upwards.
The hatch slams shut behind you.
You take 5 damage, and have 335/370 hp.
You regained 2 hp, and now have 337/370 hp.
You regained 2 hp, and now have 339/370 hp.
You see here a +0 club.
You regained 2 hp, and now have 342/370 hp.
You regained 2 hp, and now have 345/370 hp.
You see here a +0 dagger.
You regained 2 hp, and now have 347/370 hp.
Things that are here:
a +0 short sword; a +0 plate armour; a +0 long sword
There is a stone staircase leading up, spattered with blood here.
You regained 2 hp, and now have 350/370 hp.
You fly upwards.
There is a stone staircase leading down here.
You regained 2 hp, and now have 352/370 hp.
What level of the Dungeon? (default 1, ? - help) HP restored.
There is a stone staircase leading up, spattered with blood here.
You fly upwards.
There is a stone staircase leading down here.
A rust devil comes into view.
Things that are here:
a +0 chain mail; a +0 hand axe; Health restored: 370 You maul the rust devil!!!!
You kill the rust devil!
Cheibriados appreciates the change of pace.
There is a stone staircase leading up here.
You fly upwards.
There is a stone staircase leading down here.
There is a stone staircase leading up here.
You fly upwards.
There is a stone staircase leading down here.
There is a stone staircase leading up here.
You fly upwards.
There is a stone staircase leading down here.
There is a staircase leading out of the dungeon here.
You have escaped!

#...##8###8#...##########.#
....†............#......#.######
.............###.#.............#
.............###.#########.....#
##⌠###8###8#.................>.#
### ### #######.######.##.....#
#........#####.###
#############.# #....
######.....D.....###########
#####.....................#####
##............#...#............##
......#...#...#...#...#...#......
......#...#...#.>.#...#...#......
..#...#...#...#...#...#...#...#..
..#...#...##.#######.##...#...#..
..#...#...#### ####...#..§#..
..#...#...# #...#.§.#..


There were no monsters in sight!

Vanquished Creatures
  10 dread liches (Zot:5)
  2 ancient liches
  6 orbs of fire
  2 juggernauts
  The ghost of Oqust the Cutthroat, a legendary GnCK of Makhleb (Zot:3)
  Josephina (Depths:2)
  Bai Suzhen (Depths:2)
  Vashnia (Snake:3)
  3 Killer Klowns (Zot:5)
  5 curse toes
  A caustic shrike (Depths:3)
  14 golden dragons
  Jory (Depths:4)
  A Tzitzimitl (Depths:4)
  A Brimstone Fiend (D:9)
  A bone dragon (Depths:4)
  2 electric golems (Zot:5)
  2 doom hounds (Depths:4)
  A walking crystal tome (Depths:3)
  Jorgrun (D:12)
  Grunn (Depths:4)
  17 tentacled monstrosities
  26 Orb Guardians
  Asterion (Elf:3)
  3 titans (Vaults:5)
  A walking frostbound tome (Depths:3)
  2 walking earthen tomes (WizLab)
  A walking divine tome (WizLab)
  4 sphinxes
  2 deep elf master archers (Elf:3)
  6 quicksilver dragons
  Gastronok (D:10)
  4 deep elf blademasters (Elf:3)
  11 death cobs
  10 shadow dragons
  Kirke (Swamp:1)
  8 storm dragons
  2 strange machines (WizLab)
  Aizul (Depths:2)
  2 tengu reavers (Vaults:5)
  6 draconian knights
  8 draconian monks
  8 frost giants
  5 fire giants
  2 nagarajas (Snake:4)
  3 iron dragons
  A balrug (Zot:4)
  19 vault wardens
  5 draconian scorchers
  4 deep elf sorcerers (Elf:3)
  Louise (Snake:1)
  6 draconian shifters
  2 juggernaut zombies (Depths:3)
  6 deep elf elementalists (Elf:3)
  2 orc warlords
  3 spriggan defenders
  5 draconian annihilators
  11 ironbound preservers
  13 very ugly things
  A reaper (Depths:4)
  16 stone giants
  2 draconian stormcallers (Zot:3)
  9 ironbound thunderhulks
  7 war gargoyles
  4 spark wasps
  A lorocyproca (Depths:1)
  A formless jellyfish (Vaults:4)
  3 vampire knights
  6 deep elf demonologists
  3 eleionomae
  6 black draconians
  11 green draconians
  3 bunyips
  10 white draconians
  A putrid mouth (Depths:4)
  11 dire elephants
  13 purple draconians
  20 red draconians
  A minotaur (Gauntlet)
  10 yellow draconians
  2 deep elf annihilators
  8 fire dragons
  2 shambling mangroves (Swamp:4)
  3 entropy weavers
  9 deep elf death magi
  10 ettins
  2 spectral golden dragons (Zot:3)
  8 deep elf high priests (Elf:3)
  A fire dragon (shapeshifter) (Vaults:5)
  14 rakshasas
  10 yaktaur captains
  4 salamander tyrants (Snake:4)
  Erolcha (D:9)
  Harold (Lair:1)
  21 hydras
  7 ice dragons
  A peacekeeper (Vaults:3)
  A ghost crab (Swamp:4)
  3 ogre magi (Vaults:5)
  A hell beast (D:8)
  3 spriggan air magi
  10 great orbs of eyes
  35 vault guards
  12 anacondas
  2 catoblepae
  6 centaur warriors
  2 death knights
  11 alligators
  16 ironbound frosthearts
  5 boulder beetles
  6 two-headed ogres
  3 death yaks (Lair:5)
  7 naga warriors
  18 dancing weapons
  4 spriggan berserkers
  6 deep troll earth magi
  6 deep troll shamans
  15 naga sharpshooters
  4 orc high priests
  5 shock serpents
  A shock serpent (shapeshifter) (Depths:2)
  4 tengu warriors
  9 deep elf knights
  8 spriggans
  5 sun demons
  4 hell knights (Depths:1)
  Urug (D:13)
  A soul eater (Depths:1)
  A salamander mystic (Snake:4)
  A skyshark (Lair:4)
  9 iron trolls
  A spectral white draconian (Zot:3)
  A spectral ghost moth (Zot:3)
  A golden dragon zombie (Depths:3)
  A sea snake (shapeshifter) (Depths:3)
  3 goliath frogs
  The ghost of rotlqkf the Thaumaturge, a novice DECj of Sif Muna (D:10)
  38 deep trolls
  3 glowing orange brains
  2 orange crystal statues
  12 swamp dragons
  2 naga ritualists
  2 spriggan druids
  An obsidian statue (Zot:5)
  A quicksilver dragon simulacrum (Zot:3)
  4 bog bodies
  A glowing orange brain (shapeshifter) (Vaults:5)
  18 lindwurms
  6 orc knights
  8 arcanists
  Pikel (D:6)
  12 deep elf archers
  21 deep elf zephyrmancers
  A steelbarb worm (shapeshifter) (Vaults:5)
  11 harpies
  5 necromancers
  14 ironbound convokers
  A phantasmal warrior (Vaults:5)
  16 deep elf pyromancers
  9 mana vipers
  A wolf spider zombie (D:15)
  44 ugly things
  2 shining eyes (shapeshifter)
  12 orc sorcerers
  16 salamanders
  4 manticores
  22 moths of wrath
  3 cyclopes
  3 will-o-the-wisps
  A faun (shapeshifter) (Vaults:3)
  A fire giant skeleton (Depths:3)
  Joseph (D:7)
  19 vault sentinels
  An elephant (shapeshifter) (Depths:3)
  2 kobold blastminers (Orc:2)
  2 ice statues (Swamp:3)
  A titan simulacrum (Depths:2)
  8 guardian serpents
  23 black mambas
  2 centaur zombies (D:15)
  A rust devil (D:4)
  2 gargoyles
  11 naga magi
  23 cane toads
  A centaur skeleton (D:15)
  A torpor snail (Lair:3)
  Jeremiah (D:6)
  19 elephants
  Maggie (D:7)
  27 yaktaurs
  2 ghost moth simulacra (Zot:3)
  13 rime drakes
  10 komodo dragons
  8 tengu conjurers
  A tormentor (Depths:4)
  2 golden dragon simulacra
  A freezing wraith (Vaults:2)
  3 efreet
  2 spectral moths of wrath (Zot:3)
  9 trolls
  A merfolk (D:8)
  A shadow dragon simulacrum (Depths:2)
  A queen bee (Gauntlet)
  7 tyrant leeches
  13 hornets
  A glass eye (Depths:2)
  A harpy skeleton (D:15)
  26 blink frogs
  15 polar bears
  8 dream sheep
  55 slime creatures
  3 water elementals (D:8)
  A centaur simulacrum (D:14)
  2 yaks (shapeshifter)
  67 yaks
  A culicivora (Vaults:3)
  2 wyverns
  A ynoxinul (Depths:2)
  A vampire (D:10)
  2 air elementals
  23 fire elementals
  4 wraiths
  A shadow (D:12)
  2 basilisks
  2 steam dragons
  4 hogs
  Eustachio (D:5)
  8 redbacks
  24 vampire mosquitoes
  A redback (shapeshifter) (Vaults:5)
  Menkaure (D:7)
  6 wargs
  45 nagas
  An acid dragon (D:11)
  16 water moccasins
  16 swamp worms
  A water moccasin (shapeshifter) (Depths:4)
  Duvessa (D:7)
  2 moth of wrath simulacra (Zot:3)
  34 orc warriors
  11 ogres
  2 sky beasts (D:7)
  12 swamp drakes
  A black bear (shapeshifter) (D:13)
  2 black bears (D:6)
  4 wolves (D:9)
  2 centaurs
  3 boggarts (Vaults:1)
  2 phantoms
  2 kobold brigands (D:9)
  3 earth elementals
  2 gnoll sergeants
  20 bullfrogs
  A glowing shapeshifter simulacrum (Depths:2)
  A scorpion (D:4)
  A human simulacrum (Depths:2)
  Dowan (D:7)
  24 killer bees
  9 electric eels
  2 howler monkeys
  4 jellies
  28 orc priests
  8 hounds
  A gnoll bouda (D:9)
  2 sleepcaps
  4 iguanas
  15 orc wizards
  5 hell rats (Lair:2)
  A statue (D:4)
  6 adders
  21 gnolls
  3 shadow imps
  A white imp (D:5)
  2 ufetubi (D:7)
  2 worms
  5 dart slugs
  78 orcs
  3 endoplasms
  2 giant cockroaches
  8 goblins
  11 hobgoblins
  3 jackals (D:3)
  18 kobolds
  4 quokkas
  3 training dummies (Depths:3)
  7 ball pythons
  4 bats
  3 frilled lizards
  7 rats
2008 creatures vanquished.

Vanquished Creatures (collateral kills)
  Rupert (Orc:2)
  Donald (Elf:1)
  A vault warden (Vaults:5)
  A reaper (Depths:4)
  A green draconian (Zot:1)
  An ogre mage (D:13)
  An alligator (Swamp:1)
  A two-headed ogre (D:13)
  2 deep trolls (Vaults:5)
  A lindwurm (Vaults:2)
  3 hogs (Swamp:1)
  An orc warrior (Elf:1)
15 creatures vanquished.

Vanquished Creatures (others)
  A doom hound (Depths:4)
  A tengu reaver (Vaults:5)
  A draconian knight (Zot:5)
  2 ironbound preservers (Vaults:5)
  A black draconian (Zot:1)
  A bunyip (Swamp:1)
  A hydra (Swamp:4)
  A deep troll (Vaults:5)
  A naga ritualist (Snake:4)
  An ironbound convoker (Vaults:2)
  A moth of wrath (Zot:5)
  A black mamba (Snake:4)
  A naga mage (Snake:4)
  2 bloated husks (Swamp:2)
  A blink frog (Lair:2)
  3 vampire mosquitoes (Swamp:2)
  The ghost of wqsa789 the Magician, an amateur DEAE of Vehumet (D:3)
  A kobold brigand (D:8)
  An orc wizard (Orc:2)
  2 orcs (Orc:2)
  4 foxfires (Swamp:3)
29 creatures vanquished.

Grand Total: 2052 creatures vanquished

Notes
Turn   | Place    | Note
-------+----------+-------------------------------------------
     0 | D:1      | EngineV8 the Human Shapeshifter began the quest for the
                  | Orb.
     0 | D:1      | Reached XP level 1. HP: 15/15 MP: 1/1
   159 | D:1      | Found a faded altar of an unknown god.
   185 | D:1      | Reached skill level 1 in Stealth
   296 | D:1      | Reached XP level 2. HP: 20/21 MP: 2/2
   467 | D:1      | Reached skill level 2 in Fighting
   764 | D:1      | Reached XP level 3. HP: 28/28 MP: 3/3
  1160 | D:2      | You fall into a shaft and drop 2 floors!
  1185 | D:3      | Reached skill level 3 in Fighting
  1325 | D:3      | Reached XP level 4. HP: 22/35 MP: 4/4
  1511 | D:3      | Identified the +3 flail "Uczemmuh" {antimagic, Will++
                  | rCorr}
  2002 | D:3      | Reached skill level 4 in Fighting
  2005 | D:3      | Found Ujoyk's Antique Weapon Shoppe.
  2010 | D:3      | Bought a sling for 37 gold pieces
  2130 | D:4      | Found a stormy altar of Qazlal.
  2161 | D:4      | Noticed a water moccasin
  2173 | D:4      | Killed a water moccasin
  2174 | D:4      | Reached skill level 5 in Fighting
  2174 | D:4      | Reached XP level 5. HP: 44/44 MP: 5/5
  2174 | D:4      | Reached XP level 6. HP: 51/51 MP: 6/6
  2260 | D:4      | Found a radiant altar of Vehumet.
  2394 | D:3      | Found a runed translucent gate.
  2395 | D:3      | Found a runed translucent gate.
  2395 | D:3      | Found an opulent altar of Gozag.
  2396 | D:3      | Found a runed translucent gate.
  2398 | D:3      | Noticed wqsa789's ghost (amateur DEAE)
  2876 | D:4      | Reached skill level 6 in Fighting
  2917 | D:4      | Reached XP level 7. HP: 38/58 MP: 7/7
  3262 | D:4      | Found a hide-covered altar of Uskayaw.
  3489 | D:4      | Found a hide-covered altar of Uskayaw.
  3538 | D:4      | Found a radiant altar of Vehumet.
  3708 | D:4      | Found a stormy altar of Qazlal.
  3755 | D:5      | Entered Level 5 of the Dungeon
  4069 | D:5      | Found Lestrarph's Jewellery Shop.
  4106 | D:5      | Found Pyaczyg's Antique Weapon Shoppe.
  4219 | D:5      | Found Hozis's Jewellery Shoppe.
  4470 | D:5      | Found Inoimuh's Antique Weapon Emporium.
  4520 | D:5      | Reached skill level 5 in Unarmed Combat
  4643 | D:5      | Found a staircase to the Ecumenical Temple.
  4652 | Temple   | Entered the Ecumenical Temple
  4801 | Temple   | Became a worshipper of Elyvilon the Healer
  4898 | D:5      | Reached skill level 1 in Throwing
  4898 | D:5      | Reached XP level 8. HP: 53/64 MP: 8/8
  5051 | D:5      | Found a sacrificial altar of Ru.
  5236 | D:6      | Noticed Jeremiah
  5284 | D:6      | Noticed Eustachio
  5328 | D:5      | Killed Eustachio
  5800 | D:6      | Found a snail-covered altar of Cheibriados.
  5829 | D:6      | Reached * piety under Elyvilon
  6083 | D:6      | Reached skill level 7 in Fighting
  6193 | D:7      | Noticed Menkaure
  6354 | D:7      | Reached XP level 9. HP: 69/72 MP: 9/9
  6464 | D:7      | Killed Menkaure
  6678 | D:7      | Reached skill level 8 in Fighting
  6769 | D:7      | Noticed Duvessa
  6769 | D:7      | Noticed Dowan
  6797 | D:7      | Killed Duvessa
  6814 | D:7      | Killed Dowan
  6852 | D:7      | Noticed Joseph
  6865 | D:7      | Killed Joseph
  7187 | D:6      | Reached skill level 9 in Fighting
  7516 | D:7      | Reached ** piety under Elyvilon
  7669 | D:7      | Reached skill level 1 in Shields
  7691 | D:7      | Reached XP level 10. HP: 81/84 MP: 10/10
  7935 | D:7      | Reached skill level 10 in Fighting
  8079 | D:7      | Noticed Maggie
  8300 | D:8      | Noticed Pikel
  8326 | D:6      | Killed Pikel
  8453 | D:8      | Found Zin's Purification Station.
  8454 | D:8      | Found a glowing silver altar of Zin.
  8469 | D:8      | Found a flagged portal.
  8487 | Bailey   | Entered a bailey
  9123 | D:8      | Reached skill level 5 in Stealth
  9980 | D:8      | Reached *** piety under Elyvilon
 10267 | D:9      | Reached skill level 1 in Invocations
 10267 | D:9      | Reached XP level 11. HP: 83/92 MP: 11/11
 10342 | D:9      | Reached skill level 11 in Fighting
 11040 | D:9      | Noticed Erolcha
 11622 | D:9      | Found a staircase to the Lair.
 12034 | D:9      | Reached skill level 1 in Evocations
 12365 | D:9      | Killed Erolcha
 12366 | D:9      | Reached skill level 5 in Dodging
 12432 | D:9      | Found a glowing silver altar of Zin.
 12435 | D:9      | Found a shadowy altar of Dithmenos.
 12435 | D:9      | Found an ornate altar of the Wu Jian Council.
 12437 | D:9      | Found a hazy altar of Hepliaklqana.
 12437 | D:9      | Found a snail-covered altar of Cheibriados.
 12437 | D:9      | Found a shimmering altar of Xom.
 12502 | D:10     | Entered Level 10 of the Dungeon
 12511 | D:10     | Found a runed translucent door.
 12661 | D:10     | Reached **** piety under Elyvilon
 12664 | D:10     | Found a shimmering altar of Xom.
 12664 | D:10     | Noticed rotlqkf's ghost (novice DECj)
 12664 | D:10     | Noticed a +2 morningstar of chaos
 13142 | D:10     | Reached skill level 5 in Invocations
 13227 | D:10     | Found a sparkling altar of Nemelex Xobeh.
 13638 | D:10     | Found a staircase to the Orcish Mines.
 14038 | D:10     | Reached XP level 12. HP: 93/102 MP: 15/15
 14109 | D:10     | Found an iron altar of Okawaru.
 14168 | D:10     | Reached skill level 12 in Fighting
 14251 | D:10     | Noticed Gastronok
 14575 | D:10     | Found a glowing golden altar of the Shining One.
 14948 | D:3      | Killed wqsa789's ghost
 15021 | D:5      | Bought a +4 ring of protection for 540 gold pieces
 15244 | D:6      | Killed Jeremiah
 15665 | D:7      | Killed Maggie
 16226 | D:10     | Upgraded the game from 0.31-a0-1161-g593ecc8 to
                  | 0.31-a0-1163-gcee99d1
 16313 | D:11     | Found a portal to a secret trove of treasure.
 16638 | D:11     | Noticed a two-headed ogre
 16646 | D:11     | Killed a two-headed ogre
 17037 | D:10     | Reached skill level 5 in Evocations
 17648 | D:11     | Noticed a boulder beetle
 17664 | D:11     | Killed a boulder beetle
 18210 | D:11     | Found a portal to a secret trove of treasure.
 18550 | D:12     | Noticed a two-headed ogre
 18653 | D:11     | Killed a two-headed ogre
 18654 | D:11     | Reached skill level 10 in Unarmed Combat
 19085 | D:12     | Identified the +7 mace of Ointment {heavy, rPois}
 19093 | D:12     | Noticed Jorgrun
 19127 | D:12     | Noticed a two-headed ogre
 19135 | D:12     | Killed Jorgrun
 19136 | D:12     | Reached XP level 13. HP: 84/108 MP: 5/16
 19246 | D:11     | Reached skill level 10 in Dodging
 19484 | D:12     | Reached ***** piety under Elyvilon
 19535 | D:12     | Found Otesik's Mass Market.
 19776 | D:12     | Found Yrass's Assorted Antiques.
 19784 | D:12     | Bought a scroll labelled LASAHI ISERYSK for 32 gold pieces
 19784 | D:12     | Bought a dark potion for 28 gold pieces
 20072 | D:13     | Found a transporter.
 20096 | D:13     | Found a transporter.
 20110 | D:13     | Found a transporter.
 20247 | D:13     | Noticed a five-headed hydra
 21036 | D:13     | Found a transporter.
 21095 | D:13     | Noticed an ogre mage
 21135 | D:13     | Killed an ogre mage
 21260 | D:13     | Reached skill level 5 in Throwing
 21472 | D:13     | Noticed Urug
 21564 | D:13     | Killed a five-headed hydra
 21765 | D:13     | Found a transporter.
 21802 | D:13     | Found a transporter.
 21860 | D:13     | Killed Urug
 21873 | D:13     | Reached XP level 14. HP: 89/115 MP: 17/17
 22009 | D:14     | Paralysed by a hornet for 2 turns
 22113 | D:14     | Found a transporter.
 22114 | D:14     | Noticed a vault warden
 22937 | D:14     | Found a gate to the Vaults.
 23102 | D:14     | Found an ornate altar of the Wu Jian Council.
 23103 | D:14     | Found a transporter.
 23118 | D:14     | Found a transporter.
 23125 | D:14     | Found a transporter.
 23144 | D:14     | Found an ornate altar of the Wu Jian Council.
 23204 | D:14     | Found a glowing golden altar of the Shining One.
 23383 | D:15     | Entered Level 15 of the Dungeon
 23385 | D:15     | Noticed Nessos
 23387 | D:15     | Nessos changed into Nessos the redback
 23387 | D:15     | Noticed Nessos
 23392 | D:15     | Killed Nessos the redback
 23509 | D:15     | Reached skill level 13 in Fighting
 24254 | Lair:1   | Entered Level 1 of the Lair of Beasts
 24952 | Lair:1   | Found a transporter.
 24954 | Lair:1   | Found a transporter.
 24975 | Lair:1   | Noticed Harold
 24993 | Lair:1   | Killed Harold
 25086 | Lair:1   | Reached skill level 14 in Fighting
 25658 | Lair:2   | Reached ****** piety under Elyvilon
 26466 | Lair:2   | Reached skill level 15 in Fighting
 26920 | Lair:3   | Reached XP level 15. HP: 90/129 MP: 18/18
 26974 | Lair:3   | Found a transporter.
 26995 | Lair:3   | Noticed Nuemoom's ghost (journeyman TrSh)
 27003 | Lair:3   | Found a transporter.
 27006 | Lair:3   | Found a gate leading to a gauntlet.
 27035 | Gauntlet | Entered a Gauntlet
 27035 | Gauntlet | Found a transporter.
 27042 | Gauntlet | Found a transporter.
 27045 | Gauntlet | Found a transporter.
 27046 | Gauntlet | Found a transporter.
 27054 | Gauntlet | Found a transporter.
 27057 | Gauntlet | Found a transporter.
 27058 | Gauntlet | Found a transporter.
 27067 | Gauntlet | Found a transporter.
 27069 | Gauntlet | Found a transporter.
 27070 | Gauntlet | Found a transporter.
 27081 | Gauntlet | Found a transporter.
 27082 | Gauntlet | Found a transporter.
 27083 | Gauntlet | Found a transporter.
 27090 | Gauntlet | Found a transporter.
 27530 | Gauntlet | Identified the -2 cloak of Ovuc {Str+9 Dex+4}
 27597 | Gauntlet | Identified the amulet of Vaidoach {RegenMP MP+9}
 27844 | Lair:3   | You fall into a shaft and drop 1 floor!
 28014 | Lair:4   | Found a runed translucent gate.
 28015 | Lair:4   | Found a runed translucent gate.
 28017 | Lair:4   | Found a runed translucent gate.
 28018 | Lair:4   | Noticed Teyrex's ghost (journeyman DsMo)
 28357 | Lair:3   | Found a staircase to the Swamp.
 28542 | Lair:3   | Found a staircase to the Snake Pit.
 28660 | Lair:3   | Reached skill level 5 in Shapeshifting
 29408 | Lair:4   | Found a staircase to the Slime Pits.
 29662 | Lair:4   | Noticed Sonja
 29663 | Lair:4   | Sonja changed into Sonja the human
 29663 | Lair:4   | Noticed Sonja
 29666 | Lair:4   | Sonja the human changed into Sonja the hog
 29666 | Lair:4   | Noticed Sonja
 29669 | Lair:4   | Killed Sonja the hog
 30320 | Lair:5   | Entered Level 5 of the Lair of Beasts
 31311 | Lair:5   | Reached XP level 16. HP: 95/136 MP: 19/19
 31398 | Lair:5   | Learned a level 1 spell: Apportation
 32065 | Lair:5   | Identified the ring "Osoxtan" {rPois rC+ Int-5 Dex+6}
 32463 | Orc:1    | Entered Level 1 of the Orcish Mines
 32568 | D:10     | Killed Gastronok
 32655 | D:10     | Found a shimmering blue altar of Sif Muna.
 32819 | D:10     | Killed rotlqkf's ghost
 33552 | D:15     | Found a staircase to the Depths.
 33690 | D:15     | Reached skill level 10 in Shapeshifting
 34610 | D:5      | Bought a blade talisman for 420 gold pieces
 34632 | D:5      | Learned a level 4 spell: Manifold Assault
 35471 | Orc:2    | Entered Level 2 of the Orcish Mines
 36092 | Orc:2    | Noticed Rupert
 36160 | Orc:2    | Killed Rupert
 36923 | Orc:2    | Found a staircase to the Elven Halls.
 37140 | Orc:2    | Reached XP level 17. HP: 142/142 MP: 20/20
 37347 | Orc:2    | Found Vyggilirr's General Store.
 37348 | Orc:2    | Found Soaxyha's Jewellery Shop.
 37350 | Orc:2    | Found Lor Sairph's Antique Armour Shop.
 37350 | Orc:2    | Found Enolitz's Antique Weapon Boutique.
 37365 | Orc:2    | Bought a scroll of immolation for 60 gold pieces
 37365 | Orc:2    | Bought a potion of enlightenment for 75 gold pieces
 37437 | Orc:2    | Bought a runed ring mail for 203 gold pieces
 37629 | D:12     | Bought a shiny ring mail for 224 gold pieces
 37818 | Orc:2    | Bought a runed leather armour for 145 gold pieces
 38059 | Snake:1  | Entered Level 1 of the Snake Pit
 38413 | Snake:1  | Found Ulapeirr's CLEARANCE SALE!.
 38416 | Snake:1  | Bought a scroll of identify for 10 gold pieces
 38416 | Snake:1  | Bought a scroll of teleportation for 15 gold pieces
 38416 | Snake:1  | Bought a scroll of teleportation for 15 gold pieces
 38681 | Snake:1  | Noticed Louise
 38693 | Snake:1  | Killed Louise
 38904 | Snake:1  | Reached skill level 15 in Dodging
 38920 | Snake:1  | Found Xagowaum's Jewellery Boutique.
 40726 | Snake:2  | Found Jitanwav's Antique Weapon Boutique.
 40927 | Snake:3  | Noticed Vashnia
 42069 | Snake:3  | Killed Vashnia
 42599 | Snake:3  | Reached skill level 16 in Fighting
 42933 | Snake:3  | Learned a level 2 spell: Passwall
 43215 | Snake:4  | Entered Level 4 of the Snake Pit
 43493 | Snake:4  | Reached XP level 18. HP: 108/152 MP: 21/21
 43849 | Snake:4  | Learned a level 2 spell: Lesser Beckoning
 44427 | Snake:4  | Reached skill level 1 in Translocations
 45585 | Snake:4  | Reached skill level 17 in Fighting
 46344 | Snake:4  | Got a serpentine rune of Zot
 46687 | Snake:1  | Bought the ring "Pyegryot" {rPois rN+ Str+2 Int+3 Dex+6}
                  | for 1238 gold pieces
 46794 | Swamp:1  | Entered Level 1 of the Swamp
 46896 | Swamp:1  | Upgraded the game from 0.31-a0-1163-gcee99d1 to
                  | 0.31-a0-1165-g196b491
 47081 | Swamp:1  | Noticed Kirke
 47088 | Swamp:1  | Reached skill level 5 in Translocations
 47339 | Swamp:1  | Killed Kirke
 48258 | Swamp:2  | Reached XP level 19. HP: 115/161 MP: 24/24
 48447 | Swamp:2  | Reached XP level 20. HP: 168/168 MP: 25/25
 48656 | Swamp:2  | Reached skill level 15 in Unarmed Combat
 48973 | Swamp:3  | Found a frozen archway.
 49100 | IceCv    | Entered an ice cave
 50038 | IceCv    | Reached skill level 18 in Fighting
 50229 | IceCv    | Got Sif Muna's Almanac of Graupel
 50236 | IceCv    | Identified the +0 ice dragon scales of the Pink Corner
                  | {-Tele rPois rF- rC++ rN+ Dex+3 Stlth-}
 51032 | Swamp:4  | Entered Level 4 of the Swamp
 51482 | Swamp:4  | Reached skill level 10 in Invocations
 51820 | Swamp:4  | Reached skill level 10 in Translocations
 51976 | Swamp:4  | Got a decaying rune of Zot
 52739 | Elf:1    | Entered Level 1 of the Elven Halls
 52812 | Elf:1    | Paralysed by an air elemental for 1 turns
 52893 | Elf:1    | Found a magical portal.
 52909 | WizLab   | Entered Tukima's Studio
 53050 | WizLab   | Identified the +7 longbow "Worm's Wrath" {speed, Dex+3}
 53222 | WizLab   | Reached XP level 21. HP: 177/177 MP: 28/28
 54124 | WizLab   | Identified the +1 cloak of Vehumet, Charming {+Inv rC+ rN++
                  | Dex+2} (You found it in a wizard's laboratory)
 54170 | WizLab   | Noticed EngineV8's illusion
 54314 | WizLab   | Noticed EngineV8's illusion
 54328 | WizLab   | Identified the scarf of Xorid {+Inv, Str+5}
 55016 | Elf:1    | Noticed Donald
 55025 | Elf:1    | Killed Donald
 55052 | Elf:1    | Found a huge runed translucent gate.
 55053 | Elf:1    | Found a huge runed translucent gate.
 55054 | Elf:1    | Found a huge runed translucent gate.
 55054 | Elf:1    | Found a huge runed translucent gate.
 55055 | Elf:1    | Found a huge runed translucent gate.
 55056 | Elf:1    | Found a huge runed translucent gate.
 55056 | Elf:1    | Found a huge runed translucent gate.
 55056 | Elf:1    | Found a huge runed translucent gate.
 55056 | Elf:1    | Found a huge runed translucent gate.
 55057 | Elf:1    | Found a huge runed translucent gate.
 55057 | Elf:1    | Found a huge runed translucent gate.
 55057 | Elf:1    | Found a huge runed translucent gate.
 55057 | Elf:1    | Found a huge runed translucent gate.
 55057 | Elf:1    | Found a huge runed translucent gate.
 55057 | Elf:1    | Found a huge runed translucent gate.
 55057 | Elf:1    | Found a huge runed translucent gate.
 55057 | Elf:1    | Found a huge runed translucent gate.
 55064 | Elf:1    | Found a huge runed translucent gate.
 55064 | Elf:1    | Found a huge runed translucent gate.
 55102 | Elf:1    | Found a huge runed translucent gate.
 55279 | Elf:1    | Reached skill level 10 in Evocations
 55878 | Elf:2    | Found a runed translucent gate.
 55879 | Elf:2    | Found a runed translucent gate.
 55881 | Elf:2    | Found a runed translucent gate.
 55881 | Elf:2    | Noticed Atuqedy's ghost (adept DsEE)
 55882 | Elf:2    | Noticed Fuoshriv's ghost (adept DjBe)
 56197 | Elf:2    | Found a huge runed translucent gate.
 56197 | Elf:2    | Found a huge runed translucent gate.
 56197 | Elf:2    | Found a huge runed translucent gate.
 56197 | Elf:2    | Found a huge runed translucent gate.
 56199 | Elf:2    | Found a huge runed translucent gate.
 56420 | Elf:2    | Identified the ring "Mezxolos" {EV+5 Str+7 Int-3 Stlth+}
 56699 | Elf:3    | Entered Level 3 of the Elven Halls
 56761 | Elf:3    | Reached skill level 10 in Stealth
 57273 | Elf:3    | Found Masequg's Weapon Shop.
 58256 | Elf:3    | Noticed a Brimstone Fiend
 58280 | Elf:3    | Identified the +7 morningstar of Kismet {elec, rPois Will-
                  | rCorr Int-5 SInv}
 58435 | Elf:3    | Reached XP level 22. HP: 186/186 MP: 31/31
 58465 | Elf:3    | Noticed Asterion
 58486 | Elf:3    | Killed Asterion
 58894 | Elf:3    | Identified the ring of the Burning Priest {Will+++ rCorr
                  | Str+3 Int-2 Stlth+}
 59179 | Elf:3    | Got Urogh's Papyrus of Damaging Ozone
 59188 | Elf:3    | Identified a scroll of acquirement
 59189 | Elf:3    | Acquired a manual of Translocations
 59195 | Elf:3    | Identified the +9 great sword of Ruimiffu {spect, rF- rN+
                  | Str+2}
 59316 | Elf:3    | Identified the staff "Cust" {Fragile rElec Str+3 Earth}
 59329 | Elf:3    | Got the Volume of the Scorching Swarm
 59335 | Elf:3    | Got the Folio of the Frigorific Nimbus
 59341 | Elf:3    | Identified the staff "Wemmom" {rElec rCorr Int+3 SInv Air}
 59672 | Vaults:1 | Entered Level 1 of the Vaults
 60403 | Vaults:1 | Reached skill level 19 in Fighting
 60970 | Vaults:1 | Found Jeeniapsa's Antique Armour Shoppe.
 61005 | Vaults:1 | Learned a level 5 spell: Irradiate
 61505 | Vaults:2 | Found a staircase to the Crypt.
 62928 | Vaults:2 | Reached XP level 23. HP: 147/194 MP: 32/32
 63797 | Vaults:3 | Found a runed translucent door.
 63797 | Vaults:3 | Found a shimmering altar of Xom.
 63797 | Vaults:3 | Found the +13 scythe of Curses {drain, curses, Drain}
 63797 | Vaults:3 | Noticed sol123's ghost (veteran HOFi)
 64090 | Vaults:3 | Found the ring of the Tortoise {AC+8}
 64104 | Vaults:3 | Found Taeph's Armour Emporium.
 64526 | Vaults:3 | Reached skill level 20 in Fighting
 65319 | Vaults:4 | Learned a level 2 spell: Wereblood
 65416 | Vaults:4 | Reached skill level 1 in Transmutations
 67262 | D:6      | Fell from the grace of Elyvilon
 67262 | D:6      | Became a worshipper of Cheibriados the Contemplative
 67667 | Depths:1 | Entered Level 1 of the Depths
 67810 | Depths:1 | Reached skill level 5 in Transmutations
 68313 | Depths:1 | Found Big Baal Hell's Store.
 68340 | Depths:1 | Reached * piety under Cheibriados
 68351 | Depths:1 | Found a gateway to Hell.
 68515 | Depths:1 | Found a one-way gate leading to the halls of Pandemonium.
 68519 | Depths:1 | Reached XP level 24. HP: 200/201 MP: 32/32
 69568 | Depths:2 | Noticed a golden dragon
 69575 | Depths:2 | Killed a golden dragon
 69795 | Depths:2 | Identified the +0 robe "Nuiriez" {*Corrode rN+ Archmagi}
 69797 | Depths:2 | Identified the +0 ring mail of the Leaping Gods {Fly Str-3
                  | Slay+4 Stlth+}
 69879 | Depths:2 | Identified the +1 trident of Bread {freeze, rPois}
 69928 | Depths:2 | Reached ** piety under Cheibriados
 70167 | Depths:2 | Identified the serpent talisman of the Lair of Beasts
                  | {rCorr Str+3 Slay-2}
 70167 | Depths:2 | Noticed Aizul
 70188 | Depths:2 | Killed Aizul
 70420 | Depths:2 | Found a white marble altar of Elyvilon.
 70420 | Depths:2 | Found a glowing golden altar of the Shining One.
 70420 | Depths:2 | Found a glowing silver altar of Zin.
 70806 | Depths:2 | Identified the ring "Forget-Me-Not" {Ice Fly rElec Str-2}
 70806 | Depths:2 | Noticed Josephina
 70921 | Depths:2 | Killed Josephina
 70922 | Depths:2 | Reached skill level 10 in Transmutations
 70922 | Depths:2 | Reached skill level 1 in Conjurations
 70964 | Depths:2 | Noticed Bai Suzhen
 71081 | Depths:2 | Killed Bai Suzhen
 71650 | Depths:2 | Learned a level 4 spell: Vhi's Electric Charge
 71689 | Depths:3 | Reached skill level 1 in Air Magic
 71847 | Depths:3 | Noticed a caustic shrike
 71855 | Depths:3 | Killed a caustic shrike
 72033 | Depths:3 | Identified the +7 arbalest of Gallantry {penet, rN++}
 72054 | Depths:3 | Reached *** piety under Cheibriados
 72306 | Depths:3 | Noticed a golden dragon
 72309 | Depths:3 | Noticed a golden dragon
 72314 | Depths:3 | Killed a golden dragon
 72317 | Depths:3 | Killed a golden dragon
 72318 | Depths:3 | Reached skill level 5 in Conjurations
 72611 | Depths:3 | Noticed a golden dragon
 72620 | Depths:3 | Killed a golden dragon
 72847 | Depths:3 | Gained mutation: You occasionally lose the ability to read
                  | scrolls when taking damage. [a shining eye]
 72856 | Depths:3 | Lost mutation: You occasionally lose the ability to read
                  | scrolls when taking damage. [potion of mutation]
 72856 | Depths:3 | Gained mutation: You have sharp fingernails. [potion of
                  | mutation]
 72892 | Depths:3 | Noticed a golden dragon
 72930 | Depths:3 | Killed a golden dragon
 73137 | Depths:3 | Noticed a juggernaut
 73148 | Depths:3 | Killed a juggernaut
 73156 | Depths:3 | Reached skill level 5 in Air Magic
 73624 | Depths:3 | Found Esyes Ypaer's Firing Range.
 73670 | Depths:3 | Found a one-way gateway to a ziggurat.
 73843 | Depths:3 | Reached **** piety under Cheibriados
 74022 | Depths:3 | Found a one-way gate to the infinite horrors of the Abyss.
 74160 | Depths:3 | Identified the +0 ring mail of Responsibility {rN++ Int+3}
 74384 | Depths:3 | Found Esyes Ypaer's Firing Range.
 74408 | Depths:3 | Found a one-way gate to the infinite horrors of the Abyss.
 74665 | Depths:3 | Found a one-way gateway to a ziggurat.
 74953 | Depths:4 | Entered Level 4 of the Depths
 75183 | Depths:4 | Reached XP level 25. HP: 200/210 MP: 32/32
 75351 | Depths:4 | Reached skill level 10 in Conjurations
 75686 | Depths:4 | Noticed a juggernaut
 75693 | Depths:4 | Killed a juggernaut
 76293 | Depths:4 | Found a gate to the Realm of Zot.
 76458 | Depths:4 | Noticed Grunn
 76475 | Depths:4 | Noticed Jory
 76537 | Depths:4 | Reached ***** piety under Cheibriados
 77155 | Depths:4 | Killed Grunn
 77288 | Depths:4 | Killed Jory
 77614 | D:11     | You paid a toll of +5 ice dragon scales to enter a treasure
                  | trove
 77615 | Trove    | Entered a treasure trove
 77622 | Trove    | Identified the +2 pair of gloves of Autumn {Str+3}
 77631 | Trove    | Identified the +4 arbalest of Discomfort {antimagic, Fly
                  | Dex+2}
 78064 | Vaults:5 | Entered Level 5 of the Vaults
 78450 | Vaults:5 | Identified the +0 chain mail of Submission {rC+ SInv}
 78892 | Vaults:5 | Reached XP level 26. HP: 218/218 MP: 32/32
 79250 | Vaults:5 | Identified the +1 robe "Rariz" {Str+3}
 79424 | Vaults:5 | Identified the +7 sling "Fyseecra" {heavy, Dex+4}
 79818 | Vaults:5 | Got Hyan's Compendium of the Baleful Fifth Circle
 79834 | Vaults:5 | Identified the +9 flail of Watchfulness {freeze, rPois
                  | Str-4 Dex+7 SInv}
 79849 | Vaults:5 | Got the Papyrus of the Volley and Translocation
 79858 | Vaults:5 | Got a silver rune of Zot
 79864 | Vaults:5 | Got the Tractate on Conflagrant Shades
 80021 | Vaults:5 | Noticed an ancient lich
 80180 | Vaults:5 | Killed an ancient lich
 81308 | Zot:1    | Entered Level 1 of the Realm of Zot
 81919 | Zot:1    | Reached skill level 15 in Shapeshifting
 82208 | Zot:1    | Noticed an orb of fire
 82238 | Zot:1    | Killed an orb of fire
 82241 | Zot:1    | Acquired 944 gold pieces
 82280 | Zot:1    | Reached ****** piety under Cheibriados
 83153 | Zot:2    | Found the +10 zealot's sword {holy, Zealotry, *Rage rN+
                  | EV+3}
 83434 | Zot:2    | Reached XP level 27. HP: 224/224 MP: 32/32
 84996 | Zot:3    | Noticed an orb of fire
 85033 | Zot:3    | Gained mutation: You are frail. (-10% HP) [an orb of fire]
 85038 | Zot:3    | Killed an orb of fire
 85039 | Zot:3    | Reached skill level 21 in Fighting
 85146 | Zot:3    | Lost mutation: You have sharp fingernails. [potion of
                  | mutation]
 85146 | Zot:3    | Lost mutation: You are frail. (-10% HP) [potion of
                  | mutation]
 85146 | Zot:3    | Gained mutation: You are dopey. (Int -2) [potion of
                  | mutation]
 85146 | Zot:3    | Gained mutation: You occasionally lose the ability to drink
                  | potions when taking damage. [potion of mutation]
 85146 | Zot:3    | Gained mutation: You have a pair of small antennae on your
                  | head. [potion of mutation]
 85146 | Zot:3    | Gained mutation: Your spells are a little harder to cast,
                  | but a little more powerful. [potion of mutation]
 85147 | Zot:3    | Lost mutation: You are dopey. (Int -2) [potion of mutation]
 85147 | Zot:3    | Lost mutation: Your spells are a little harder to cast, but
                  | a little more powerful. [potion of mutation]
 85147 | Zot:3    | Gained mutation: Armour fits poorly on your strangely
                  | shaped body. [potion of mutation]
 85147 | Zot:3    | Gained mutation: You possess an exceptional clarity of
                  | mind. [potion of mutation]
 85148 | Zot:3    | Lost mutation: You possess an exceptional clarity of mind.
                  | [potion of mutation]
 85148 | Zot:3    | Lost mutation: You occasionally lose the ability to drink
                  | potions when taking damage. [potion of mutation]
 85148 | Zot:3    | Gained mutation: Your spells are a little easier to cast,
                  | but a little less powerful. [potion of mutation]
 85382 | Zot:3    | Noticed an orb of fire
 85392 | Zot:3    | Gained mutation: You occasionally lose the ability to drink
                  | potions when taking damage. [an orb of fire]
 85393 | Zot:3    | Gained mutation: You are weak. (Str -2) [an orb of fire]
 85394 | Zot:3    | Killed an orb of fire
 85566 | Zot:3    | Found a runed translucent gate.
 85566 | Zot:3    | Found a runed translucent gate.
 85566 | Zot:3    | Found a runed translucent gate.
 85569 | Zot:3    | Noticed Oqust's ghost (legendary GnCK)
 85749 | Zot:3    | Noticed an orb of fire
 85751 | Zot:3    | Gained mutation: Potions are less effective at restoring
                  | your health. [an orb of fire]
 85752 | Zot:3    | Killed an orb of fire
 85802 | Zot:3    | Lost mutation: You occasionally lose the ability to drink
                  | potions when taking damage. [potion of mutation]
 85802 | Zot:3    | Lost mutation: Your spells are a little easier to cast, but
                  | a little less powerful. [potion of mutation]
 85802 | Zot:3    | Lost mutation: You are weak. (Str -2) [potion of mutation]
 85802 | Zot:3    | Gained mutation: Your mind is acute. (Int +4, Str/Dex -1)
                  | [potion of mutation]
 86294 | Zot:3    | Identified the scarf of the Pink Corner {harm, rElec Int-3
                  | Slay+2}
 86436 | Zot:3    | Reached skill level 22 in Fighting
 86445 | Zot:3    | Killed Oqust's ghost
 86461 | Zot:3    | Identified the +0 helmet "Cyraj" {Stlth+}
 86464 | Zot:3    | Identified the +0 pair of gloves of the Invisible Hand
                  | {+Inv}
 86881 | Zot:5    | Entered Level 5 of the Realm of Zot
 87885 | Zot:5    | Reached skill level 23 in Fighting
 88181 | Zot:5    | Noticed a dread lich
 88185 | Zot:5    | Killed a dread lich
 88214 | Zot:5    | Noticed a dread lich
 88223 | Zot:5    | Killed a dread lich
 88243 | Zot:5    | Noticed a Killer Klown
 88265 | Zot:5    | Killed a Killer Klown
 88268 | Zot:5    | Reached skill level 24 in Fighting
 88269 | Zot:5    | Noticed a Killer Klown
 88273 | Zot:5    | Noticed a dread lich
 88278 | Zot:5    | Killed a Killer Klown
 88279 | Zot:5    | Killed a dread lich
 88282 | Zot:5    | Noticed an orb of fire
 88291 | Zot:5    | Killed an orb of fire
 88298 | Zot:5    | Noticed a Killer Klown
 88300 | Zot:5    | Noticed a dread lich
 88304 | Zot:5    | Killed a dread lich
 88305 | Zot:5    | Killed a Killer Klown
 88306 | Zot:5    | Noticed a dread lich
 88309 | Zot:5    | Killed a dread lich
 88315 | Zot:5    | Noticed a dread lich
 88315 | Zot:5    | Noticed a dread lich
 88316 | Zot:5    | Killed a dread lich
 88318 | Zot:5    | Killed a dread lich
 88485 | Zot:5    | Reached skill level 25 in Fighting
 88806 | Zot:5    | Noticed an orb of fire
 88807 | Zot:5    | Gained mutation: Potions cannot restore your health. [an
                  | orb of fire]
 88816 | Zot:5    | Gained mutation: You occasionally lose the ability to read
                  | scrolls when taking damage. [an orb of fire]
 88817 | Zot:5    | Killed an orb of fire
 88820 | Zot:5    | Lost mutation: You have a pair of small antennae on your
                  | head. [potion of mutation]
 88820 | Zot:5    | Lost mutation: You occasionally lose the ability to read
                  | scrolls when taking damage. [potion of mutation]
 88820 | Zot:5    | Gained mutation: You are vulnerable to cold. (rC-) [potion
                  | of mutation]
 88820 | Zot:5    | Gained mutation: You are frail. (-10% HP) [potion of
                  | mutation]
 88821 | Zot:5    | Lost mutation: Armour fits poorly on your strangely shaped
                  | body. [potion of mutation]
 88821 | Zot:5    | Lost mutation: You are frail. (-10% HP) [potion of
                  | mutation]
 88821 | Zot:5    | Gained mutation: You have hidden genetic potential. [potion
                  | of mutation]
 88821 | Zot:5    | Lost mutation: You are vulnerable to cold. (rC-) [potion of
                  | mutation]
 88821 | Zot:5    | Lost mutation: You have hidden genetic potential. [potion
                  | of mutation]
 88894 | Zot:5    | Noticed a dread lich
 88899 | Zot:5    | Paralysed by a dread lich for 5 turns
 88906 | Zot:5    | Killed a dread lich
 89313 | Zot:5    | Noticed a dread lich
 89317 | Zot:5    | Noticed a dread lich
 89320 | Zot:5    | Killed a dread lich
 89320 | Zot:5    | Killed a dread lich
 89388 | Zot:5    | Reached skill level 26 in Fighting
 89396 | Zot:5    | Noticed an ancient lich
 89401 | Zot:5    | Killed an ancient lich
 89717 | Zot:5    | Got the Orb of Zot
 89733 | Zot:5    | Noticed a Killer Klown
 90111 | D:8      | Noticed Viereyw the pandemonium lord
 90227 | D:$      | Escaped with the Orb!

Illustrated notes

Levels and vault maps discovered:
D:1:      dpeg_arrival_water_fire, layout_basic, basic_ecumenical_altar,
          serial_corexii_hall, chequers_hall_statues_corner_a,
          corexii_hall_statues_t
D:2:      layout_basic, minmay_distorted
D:3:      layout_basic, ebering_ghost_gozag, serial_shops,
          nicolae_shop_rolling_square
D:4:      layout_basic, general_overflow_altar, mainiacjoe_overflow_brackets,
          vehumet_statue, hangedman_abyss_or_decor_lesser_grid,
          minmay_fountain_box, minmay_ruptured
D:5:      layout_rooms, nicolae_ru_awakened_eye, minmay_temple_entry_grid,
          serial_shops, nicolae_shop_pleasant_corner_grove,
          nicolae_shop_real_fake_doors, nicolae_shop_tiny_glass, shop
D:6:      layout_basic, nicolae_overflow_crystal_walls, uniq_eustachio,
          uniq_jeremiah
D:7:      nicolae_cairo_tiling, layout_gridville, uniq_maggie, uniq_joseph,
          uniq_menkaure, uniq_duvessa
D:8:      layout_cave_pools, zin_purify, enter_bailey_5, nicolae_rank_and_phial,
          uniq_pikel
D:9:      layout_stronghold, doesnt_xom_only_xom, erik_lair_island,
          kennysheep_generic_room_14, uniq_erolcha
D:10:     layout_loops_cross, mainiacjoe_overflow_tiny_flanked,
          nemelex_diamond_rough_becter, okawaru_altar_gauntlet_db, david_orc_4,
          ebering_ghost_xom, serial_library, serial_library_hellmonk_room_a,
          serial_library_hellmonk_big_corner,
          serial_library_hellmonk_reading_circle,
          serial_library_hellmonk_junction, serial_library_regret_index_multi,
          serial_library_hellmonk_small_alcove,
          serial_library_hellmonk_layered_room,
          serial_library_hellmonk_narrow_alcove,
          serial_library_regret_index_small_wings,
          serial_library_hellmonk_room_b, serial_library_hellmonk_layered_room,
          serial_library_hellmonk_u_bend, uniq_gastronok
D:11:     layout_irregular_city, enter_trove_3, worms_lemuel
D:12:     layout_rooms, serial_shops, shop, minmay_shop_mass, uniq_jorgrun
D:13:     layout_long_grid, nicolae_diode_intersection, uniq_urug
D:14:     dreamdust_wu_jian_sword_trials, layout_cave_pools, david_vaults_5,
          tso_metal_star
D:15:     grunt_enter_depths_magical_seal, layout_loops_ring,
          minmay_misc_feat_five, uniq_nessos
Temple:   hellmonk_temple_flake
Lair:1:   gammafunk_boulding_lane, layout_cave_pods, uniq_harold
Lair:2:   layout_roguey
Lair:3:   layout_concentric_octagons, minmay_swamp_entry_worms,
          nicolae_snake_entry_squirm, gauntlet_entry_generic, nzn_ghost_randoct,
          serial_bayou_ford_a, nicolae_lair_grazing_beasts
          [nicolae_sub_lair_graze_edge, nicolae_sub_lair_graze_edge,
          nicolae_sub_lair_graze_edge, nicolae_sub_lair_graze_edge]
Lair:4:   layout_hall_layers, minmay_slime_entry_pillars,
          gammafunk_ghost_hydra_chop, ldierk_geyser, uniq_sonja
Lair:5:   minmay_lair_end_frog_pond, layout_regular_city
Swamp:1:  layout_falls_marsh, hangedman_swamp_cone, swamp_pool_1_2,
          nicolae_swamp_alligator_family, uniq_kirke
Swamp:2:  layout_basic_swamp, hangedman_swamp_ruin_wall
Swamp:3:  layout_falls_marsh, portal_ice_cave_entry_ice_statue_two,
          evilmike_swamp_ruin_house_4, swamp_pool_4
Swamp:4:  swamp_alternative, layout_basic_swamp, swamp_pool_5
Snake:1:  layout_chambers, serial_shops, shop, drop_trap,
          nicolae_shop_clearance, uniq_louise
Snake:2:  layout_onion_interference, serial_shops, shop, nicolae_triple_integral
Snake:3:  layout_rooms, lemuel_fruit_tree, uniq_vashnia
Snake:4:  snake_pit_salamanders_mu, layout_cave_town, grunt_megastairs_3
Orc:1:    layout_caves, basic_altar, mines1_david
Orc:2:    st_orc_congregation, layout_caves, uniq_rupert
Elf:1:    eino_elf_arrival_customs, layout_geoelf_grid,
          infiniplex_enter_wizlab_spiral, hangedman_elf_represent, uniq_donald
Elf:2:    elven_hall_of_blades_hangedman_alternative
          [nooodl_blade_entry_preview], layout_loops_corners,
          gammafunk_ghost_cemetery
Elf:3:    minmay_elf_hall_circle, layout_loops_cross, serial_shops,
          nicolae_shop_window_shopping, fountainhead, uniq_asterion
Vaults:1: nicolae_vaults_diamond_1, v_misc_29, ontoclasm_vaults_spin,
          vaults_mumra_hex, ontoclasm_vaults_shuriken,
          nicolae_vaults_little_squares_6, nicolae_vaults_stepped_doors,
          vaults_mumra_lcd, hangedman_vaults_trim, v_misc_33,
          nicolae_vaults_offset_grid_hallway_3, layout_vaults_maze_snakey,
          serial_shops, nicolae_shop_pleasant_corner_grove
Vaults:2: v_misc_22, minmay_crypt_entry_simple_corners,
          vaults_mumra_minichess_inversion, nicolae_vaults_tetromino_T_2,
          v_misc_5, nicolae_vaults_mitosis, nicolae_vaults_tetromino_T_2,
          nicolae_vaults_specimen_jars, nicolae_vaults_little_squares_2,
          vaults_room_fours, nicolae_vaults_surprise_closet,
          nicolae_vaults_trapezoid_lopsided_4, nicolae_vaults_sightless_eye,
          layout_vaults_omnibox
Vaults:3: ebering_ghost_xom, ontoclasm_vaults_idyll, v_misc_5,
          nicolae_vaults_storage_room_water, nicolae_vaults_storage_closets_3,
          ontoclasm_vaults_ligature, ontoclasm_vaults_loading_screen, v_misc_24,
          nicolae_vaults_taking_the_gang_shopping,
          nicolae_vaults_ring_of_whatevers, dpeg_vaults_monster_box, v_rooms_3,
          nicolae_vaults_heart-shaped_vault, vaults_dpeg_encased_lava,
          layout_vaults_omnicross
Vaults:4: nicolae_vaults_trapezoid_4, nicolae_vaults_wrenched,
          nicolae_vaults_two_Ls, ontoclasm_vaults_chip, v_misc_19, v_pattern_1,
          nicolae_vaults_trapezoid_1, layout_vaults_omnigrid
Vaults:5: serial_shops
Depths:1: layout_basic, rand_demon_pan_entry_8,
          nicolae_hell_entry_big_baal_hell, serial_bayou_shore_b,
          nicolae_figureground_sparkle
Depths:2: minmay_the_grid_four_pointed_star
          [minmay_the_grid_triangle_9x9_sparse_checkered,
          minmay_the_grid_triangle_9x9_empty,
          minmay_the_grid_triangle_9x9_descending_squares,
          minmay_the_grid_triangle_9x9_zippers_horizontal,
          minmay_the_grid_prize_trominoes], layout_honeycomb,
          grunt_hell_entry_dis_mu, good_gods_mini_temple,
          rand_demon_pan_entry_3, uniq_bai_suzhen, uniq_josephina, uniq_aizul
Depths:3: minmay_swirls_squares, layout_honeycomb, enter_ziggurat_f, hell_entry,
          nicolae_abyss_entry_one_way_or_another, hangedman_decor_growths,
          nicolae_shop_firing_range
Depths:4: grunt_twist_and_shout, layout_honeycomb, pf_hell_entry_tar_spiral,
          uniq_grunn, uniq_margery, uniq_jory
Zot:1:    layout_gridlike
Zot:2:    layout_concentric_octagons, regret_index_zotdec_gossamer_gf
Zot:3:    lemuel_firehouse, layout_cathedral_of_symmetry,
          gammafunk_ghost_necromancy, regret_index_zotdec_under_construction
Zot:4:    layout_onion_interference, regret_index_zotdec_wing_it
Zot:5:    layout_basic, grunt_ministairs_13

Skill      XL: |  1  2  3  4  5  6  7  8  9 10 11 12 13 14 15 16 17 18 19 20 21 22 23 24 25 26 27 |
---------------+----------------------------------------------------------------------------------+-----
Stealth        | 1 2 4 6 8 10 | 10.0
Fighting       | 2 3 5 6 7 9 10 11 12 15 16 17 18 19 20 26 | 26.6
Unarmed Combat | 4 5 6 7 8 10 12 13 14 15 16 18 | 18.0
Dodging        | 3 4 5 9 10 12 14 15 16 18 20 | 20.0
Throwing       | 1 2 4 6 8 |  8.0
Shields        | 1 4 |  4.7
Invocations    | 1 5 6 10 12 13 | 13.0
Evocations     | 2 5 6 8 9 10 | 10.0
Shapeshifting  | 7 10 11 16 | 16.0
Translocations | 5 7 10 11 12 | 12.0
Transmutations | 6 10 | 10.0
Conjurations   | 8 10 | 10.0
Air Magic      | 5 |  5.0

Action                     |  1- 3 |  4- 6 |  7- 9 | 10-12 | 13-15 | 16-18 | 19-21 | 22-24 | 25-27 || total
---------------------------+-------+-------+-------+-------+-------+-------+-------+-------+-------++-------
  Melee: Unarmed           |   115 |   199 |   218 |  1296 |  1713 |  1347 |   853 |  1616 |  1420 ||  8777
         Punch             |     2 |     4 |    13 |       |       |   111 |    85 |   251 |   196 ||   662
         Flail             |       |       |    15 |     1 |     9 |       |       |       |       ||    25
         Tailslap          |       |       |       |       |       |       |       |       |   126 ||   126
         Bite              |       |       |       |       |       |       |       |       |    98 ||    98
   Fire: Sling             |       |    27 |     3 |    37 |       |       |       |       |       ||    67
         Arbalest          |       |       |    13 |       |       |       |       |       |       ||    13
         Orcbow            |       |       |    84 |       |       |       |       |       |       ||    84
  Throw: Dart              |       |     5 |     3 |    16 |    17 |       |       |       |       ||    41
         Boomerang         |       |       |     2 |    38 |    58 |       |       |       |       ||    98
         Stone             |       |       |       |     1 |     5 |       |       |       |       ||     6
   Cast: Manifold Assault  |       |       |       |       |       |       |   209 |   321 |   251 ||   781
         Passwall          |       |       |       |       |       |       |     2 |     1 |    16 ||    19
         Apportation       |       |       |       |       |       |       |     3 |       |     5 ||     8
         Lesser Beckoning  |       |       |       |       |       |       |       |     3 |    51 ||    54
         Vhi's Electric Ch |       |       |       |       |       |       |       |     3 |    20 ||    23
         Irradiate         |       |       |       |       |       |       |       |     3 |     9 ||    12
 Invoke: Purification      |       |       |       |     5 |       |       |       |       |       ||     5
         Heal Self         |       |       |       |       |     3 |     6 |    10 |     4 |       ||    23
         Heal Other        |       |       |       |       |       |    14 |     5 |       |       ||    19
         Step From Time    |       |       |       |       |       |       |       |       |     4 ||     4
         Slouch            |       |       |       |       |       |       |       |       |     1 ||     1
         Temporal Distorti |       |       |       |       |       |       |       |       |     6 ||     6
Ability: Breathe Fire      |       |       |       |       |       |       |       |       |    11 ||    11
  Evoke: Wand              |       |       |     9 |     8 |     5 |    17 |       |     5 |    21 ||    65
         Phial of floods   |       |       |       |     2 |       |     1 |       |       |       ||     3
         Tin of tremorston |       |       |       |     1 |     4 |     2 |       |     1 |     1 ||     9
         Box of beasts     |       |       |       |     1 |     1 |       |     1 |       |       ||     3
         Phantom mirror    |       |       |       |       |       |     2 |     1 |       |       ||     3
         Lightning rod     |       |       |       |       |       |       |     5 |     4 |       ||     9
    Use: Scroll            |     4 |     1 |     9 |     6 |    11 |    10 |     5 |     6 |    10 ||    62
         Potion            |       |     1 |     2 |     3 |       |     1 |     1 |     2 |    17 ||    27
   Stab: Sleeping          |     4 |       |       |    12 |    13 |    19 |    18 |    29 |    16 ||   111
         Distracted        |       |       |       |     3 |     3 |    12 |     9 |     8 |     8 ||    43
         Petrified         |       |       |       |       |     1 |       |       |       |       ||     1
         Fleeing           |       |       |       |       |       |       |       |     1 |       ||     1
         Betrayed ally     |       |       |       |       |       |       |       |       |     1 ||     1
 Armour: Animal skin       |    22 |       |       |       |       |       |       |       |       ||    22
         Ring mail         |    20 |   123 |   188 |   590 |   710 |    19 |       |       |       ||  1650
         Skin              |       |    10 |       |       |    24 |   114 |       |       |   313 ||   461
         Robe              |       |       |       |     7 |   107 |   316 |   242 |   407 |   166 ||  1245
  Dodge: Dodged            |    54 |   112 |   134 |   503 |   885 |  1228 |   597 |  1193 |  1248 ||  5954
  Block: Other             |       |       |    26 |       |    10 |   106 |       |       |       ||   142
         Buckler           |       |       |    19 |   624 |   730 |       |       |       |       ||  1373
         Reflection        |       |       |     2 |     7 |     9 |     6 |       |       |       ||    24
         Form:             |     1 |       |     1 |     2 |       |     1 |       |       |       ||     5
         Beast             |     1 |       |     1 |     1 |       |       |       |       |       ||     3
         Flux              |       |       |       |     1 |     1 |     3 |       |       |       ||     5
         Blade             |       |       |       |       |       |     3 |       |       |     1 ||     4
         Dragon            |       |       |       |       |       |       |       |       |     2 ||     2

Table legend: (Time is in decaauts)
 A = Elapsed time spent in this place.
 B = Non-inter-level travel time spent in this place.
 C = Inter-level travel time spent in this place.
 D = Time resting spent in this place.
 E = Time spent auto-exploring this place.
 F = Levels seen in this place.
 G = Mean time per level.
                   A        B        C        D        E       F      G
               +--------+--------+--------+--------+--------+-----+--------+
         Total |  99651 |  91677 |   7974 |  31880 |  29225 |  53 | 1880.2 |
       Dungeon |  28491 |  24741 |   3750 |   8301 |   6059 |  15 | 1899.4 |
        Temple |    182 |    182 |      0 |    139 |      0 |   1 |  182.0 |
          Lair |   7099 |   6566 |    533 |   1410 |   2496 |   5 | 1419.8 |
         Swamp |   4724 |   4487 |    237 |   1957 |   1226 |   4 | 1181.0 |
     Snake Pit |   8944 |   8538 |    406 |   3993 |   2000 |   4 | 2236.0 |
  Orcish Mines |   3162 |   2558 |    604 |    604 |    772 |   2 | 1581.0 |
   Elven Halls |   5058 |   4742 |    316 |   1295 |   1869 |   3 | 1686.0 |
        Vaults |  12162 |  11173 |    989 |   4288 |   3606 |   5 | 2432.4 |
        Depths |  13240 |  12400 |    840 |   4051 |   6072 |   4 | 3310.0 |
           Zot |  12247 |  11952 |    295 |   3680 |   4951 |   5 | 2449.4 |
         Trove |     87 |     87 |      0 |      0 |      0 |   1 |   87.0 |
        Bailey |    541 |    541 |      0 |    140 |      0 |   1 |  541.0 |
      Ice Cave |   1494 |   1494 |      0 |    794 |    170 |   1 | 1494.0 |
        Wizlab |   1485 |   1485 |      0 |    951 |      0 |   1 | 1485.0 |
      Gauntlet |    729 |    729 |      0 |    272 |      0 |   1 |  729.0 |
               +--------+--------+--------+--------+--------+-----+--------+

Top non-repeatable levels by time:
Depths:3: 4735 daAuts
     D:9: 3702 daAuts
Vaults:5: 3646 daAuts
   Zot:3: 3211 daAuts
Depths:2: 3206 daAuts
 Snake:4: 3123 daAuts
    D:10: 3030 daAuts
    D:11: 2920 daAuts
    D:13: 2900 daAuts
   Elf:3: 2794 daAuts
Depths:4: 2750 daAuts
   Zot:2: 2641 daAuts
Vaults:4: 2602 daAuts
     D:6: 2553 daAuts
   Zot:5: 2550 daAuts
